 Dungeon Crawl Stone Soup version 0.20.1-1-g8b1a95d66d (webtiles) character file.

1898 Pixllover the Basher (level 8, -1/73 HPs)
             Began as a Minotaur Berserker on Dec 26, 2017.
             Was an Elder of Trog.
             Succumbed to Sonja's curare-tipped needle
             ... on level 10 of the Dungeon.
             The game lasted 00:20:39 (5321 turns).

Pixllover the Basher (Minotaur Berserker)           Turns: 5321, Time: 00:20:40

Health: -1/73      AC: 14    Str: 21 (23) XL:     8   Next: 93%
Magic:  7/7        EV:  8    Int:  1 (4)  God:    Trog [****..]
Gold:   434        SH:  0    Dex: 11      Spells: 7/7 levels left

rFire    + . .     SeeInvis .   p - +3 whip (vamp)
rCold    x . .     Gourm    .   (no shield)
rNeg     . . .     Faith    .   u - +0 plate armour
rPois    .         Spirit   .   (helmet restricted)
rElec    .         Reflect  .   (no cloak)
rCorr    .         Harm     .   (no gloves)
MR       .....                  v - +0 pair of boots
Stlth    ..........             (no amulet)
Regen    0.3/turn               h - ring of fire
MPRegen  0.1/turn               (no ring)

@: lethally poisoned (-1 -> -45), hasted and slowed
A: retaliatory headbutt, horns 2
a: Berserk, Trog's Hand, Brothers in Arms, Burn Spellbooks, Renounce Religion


You were on level 10 of the Dungeon.
You worshipped Trog.
Trog was greatly pleased with you.
You were not hungry.

You visited 1 branch of the dungeon, and saw 8 of its levels.

You collected 434 gold pieces.

Inventory:

Hand Weapons
 a - a +0 mace
 p - a +3 vampiric whip (weapon)
 B - a +3 quarterstaff of chaos
Missiles
 f - 12 poisoned needles (quivered)
Armour
 u - a +0 plate armour (worn)
 v - a +0 pair of boots (worn)
Jewellery
 h - a ring of fire (left hand)
Scrolls
 b - a scroll of magic mapping
 j - 3 scrolls of identify
 k - a scroll of fog
 l - 3 scrolls of remove curse
 s - a scroll of fear
 w - a scroll of blinking
 y - a scroll of enchant weapon
 A - a scroll of enchant armour {unknown}
Potions
 c - 2 potions of lignification
 d - 2 potions of haste
 e - a potion of degeneration
 m - 2 potions of might
 o - a potion of cancellation {unknown}
 q - a potion of heal wounds
 r - 2 potions of mutation {unknown}
 t - a potion of flight {unknown}
 x - 3 potions of curing {unknown}
 z - a potion of brilliance {unknown}
Comestibles
 g - a royal jelly
 i - 4 bread rations
 n - 4 fruits
 C - 3 chunks of flesh


   Skills:
 + Level 7.3 Fighting
 + Level 10.1 Maces & Flails
 + Level 7.1 Armour
 + Level 4.1 Dodging
 + Level 0.8 Stealth


You had 7 spell levels left.
You didn't know any spells.

Dungeon Overview and Level Annotations

Branches:
Dungeon (7/15)             Temple (0/1) D:4

Altars:
Ashenzari
Cheibriados
Elyvilon
Hepliaklqana
Makhleb
Okawaru
Uskayaw
Xom

Shops:
D:6 [:(}:

Annotations:
D:10 Sonja


Innate Abilities, Weirdness & Mutations

You reflexively headbutt those who attack you in melee.
You have a pair of horns on your head.


Message History

You are more poisoned.
You have difficulty breathing.
You feel as though you will be slow longer.
Sonja shoots a curare-tipped needle.
The curare-tipped needle hits you.
You are lethally poisoned!
You have difficulty breathing.
* * * LOW HITPOINT WARNING * * *
You feel as though you will be slow longer.
You see here 2 curare-tipped needles.
* * * LOW HITPOINT WARNING * * *
You feel very sick.
Sonja shoots a curare-tipped needle.
The curare-tipped needle hits you.
You are more poisoned.
You have difficulty breathing.
* * * LOW HITPOINT WARNING * * *
You feel as though you will be slow longer.
You see here a curare-tipped needle.
You open the door.
A kobold comes into view. It is wielding a short sword.
You die...

............ ....... o.
.....$.....# #...... ..
..K........# #....# #.
...........# #....# #.
...........####....# #.
...................####.
..............O.........
.......@((....o...Oo†...
....##'################.
. #.. #. #.. #. #.. #.
#.K #O #.. #. #.. #. #.


You could see a two-headed ogre, Sonja, an orc and a kobold (sleeping).

Vanquished Creatures
  The ghost of cada the Shield-Bearer, an amateur FoFi (D:4)
  Prince Ribbit (D:6)
  2 ogres
  4 centaurs
  A crocodile (D:7)
  2 bullfrogs
  A scorpion (D:4)
  A water moccasin skeleton (D:5)
  2 crimson imps
  3 hounds
  Crazy Yiuf (D:7)
  A bullfrog skeleton (D:6)
  An orc priest (D:6)
  3 orc wizards
  An iguana (D:10)
  4 worker ants
  A hound skeleton (D:4)
  A worker ant zombie (D:4)
  4 gnolls (D:6)
  9 adders
  2 oozes
  2 worms
  3 dart slugs
  5 leopard geckos
  8 orcs
  5 giant cockroaches
  5 goblins
  5 hobgoblins
  4 jackals (D:4)
  4 quokkas
  A ball python (D:2)
  7 bats
  5 frilled lizards
  13 kobolds
  A leopard gecko skeleton (D:4)
  A quokka zombie (D:6)
  9 rats
124 creatures vanquished.

Notes
Turn   | Place    | Note
-------+----------+-------------------------------------------
     0 | D:1      | Pixllover the Minotaur Berserker began the quest for the Orb.
     0 | D:1      | Reached XP level 1. HP: 19/19 MP: 0/0
   255 | D:1      | Reached XP level 2. HP: 23/27 MP: 1/1
   605 | D:2      | Reached skill level 4 in Maces & Flails
   712 | D:2      | Reached XP level 3. HP: 30/33 MP: 2/2
   761 | D:2      | Reached ** piety under Trog
  1505 | D:3      | Reached XP level 4. HP: 16/41 MP: 3/3
  1712 | D:3      | Reached skill level 5 in Maces & Flails
  1895 | D:3      | Reached XP level 5. HP: 47/47 MP: 4/4
  2008 | D:3      | Reached *** piety under Trog
  2024 | D:3      | Found a hazy altar of Hepliaklqana.
  2025 | D:3      | Found a snail-covered altar of Cheibriados.
  2029 | D:3      | Found a hide-covered altar of Uskayaw.
  2029 | D:3      | Found a shattered altar of Ashenzari.
  2031 | D:3      | Found a white marble altar of Elyvilon.
  2031 | D:3      | Found an iron altar of Okawaru.
  2032 | D:3      | Found a burning altar of Makhleb.
  2241 | D:4      | Reached skill level 5 in Fighting
  2251 | D:4      | Noticed cada's ghost (amateur FoFi)
  2260 | D:4      | Killed cada's ghost
  2260 | D:4      | Reached skill level 6 in Maces & Flails
  2260 | D:4      | Reached XP level 6. HP: 27/56 MP: 5/5
  2376 | D:4      | Found a staircase to the Ecumenical Temple.
  2556 | D:4      | Reached XP level 7. HP: 62/62 MP: 6/6
  2682 | D:4      | Reached skill level 7 in Maces & Flails
  2750 | D:4      | Found a shimmering altar of Xom.
  3065 | D:5      | Entered Level 5 of the Dungeon
  3159 | D:5      | Reached skill level 5 in Armour
  3318 | D:5      | Reached skill level 8 in Maces & Flails
  3345 | D:5      | Reached XP level 8. HP: 49/71 MP: 7/7
  3885 | D:6      | Reached skill level 9 in Maces & Flails
  3894 | D:6      | Reached **** piety under Trog
  4059 | D:6      | Noticed Prince Ribbit
  4060 | D:6      | Found Boellakecs's Book Shop.
  4096 | D:6      | Killed Prince Ribbit
  4123 | D:6      | Found Nog Lyom's Armour Emporium.
  4304 | D:6      | Found Ohagrat's Book Boutique.
  4349 | D:6      | Found Woruc's Gadget Shoppe.
  4359 | D:6      | Found Joij's Weapon Boutique.
  4828 | D:7      | Reached skill level 10 in Maces & Flails
  4890 | D:7      | Found a runed door.
  4894 | D:7      | Noticed Crazy Yiuf
  4902 | D:7      | Killed Crazy Yiuf
  5234 | D:7      | You fall through a shaft for 3 floors!
  5234 | D:10     | Entered Level 10 of the Dungeon
  5261 | D:10     | Noticed a two-headed ogre
  5316 | D:10     | Noticed Sonja
  5320 | D:10     | HP: 2/73 [asphyx]
  5321 | D:10     | Succumbed to Sonja's curare-tipped needle

Skill      XL: |  1  2  3  4  5  6  7  8 |
---------------+-------------------------+-----
Fighting       | 4 5 6 7 |  7.3
Maces & Flails | 4 5 6 8 10 | 10.1
Dodging        | 3 4 |  4.1
Armour         | 3 4 5 7 |  7.1
Stealth        | |  0.8

Action                   |  1- 3 |  4- 6 |  7- 9 || total
-------------------------+-------+-------+-------++-------
Melee: Mace              |    39 |       |       ||    39
       Headbutt          |     7 |    21 |    36 ||    64
       Whip              |    41 |   124 |   176 ||   341
Invok: Berserk           |       |       |     1 ||     1
  Use: Scroll            |     2 |     8 |     3 ||    13
       Potion            |     1 |       |     6 ||     7
  Eat: Royal jelly       |     1 |       |     1 ||     2
       Bread ration      |     1 |       |       ||     1
       Chunk             |       |     3 |     6 ||     9
       Meat ration       |       |       |     1 ||     1
Armor: Animal skin       |    16 |       |       ||    16
       Leather armour    |     1 |     5 |       ||     6
       Plate armour      |       |    58 |    62 ||   120
Dodge: Dodged            |    60 |    56 |    46 ||   162
